 Dungeon Crawl Stone Soup version 0.19.0 (webtiles) character file.

302239 hyperkramin the Devastator (level 19, -35/156 HPs)
             Began as a Demigod Artificer on Nov 12, 2016.
             Killed from afar by Sojobo (58 damage)
             ... with a bolt of lightning
             ... on level 3 of the Vaults on Nov 14, 2016.
             The game lasted 04:06:16 (66691 turns).

hyperkramin the Devastator (Demigod Artificer)     Turns: 66691, Time: 04:06:16

Health: -35/156    AC: 14    Str: 11    XL:     19   Next: 43%
Magic:  3/42       EV: 27    Int: 23    God:
Gold:   1622       SH:  9    Dex: 25    Spells: 9 memorised, 8 levels left

rFire  + . .     SeeInvis +     a - staff of conjuration {!a}
rCold  + . .     Gourm    .     M - +2 robe {rC+ rF+}
rNeg   . . .     Faith    .     Y - +3 buckler "Siluf" {MR+ Dex+5}
rPois  .         Spirit   .     Q - +0 helmet {SInv}
rElec  .         Reflect  .     N - +1 cloak
rCorr  .         Harm     .     L - +2 pair of gloves
MR     ++...                    v - +2 pair of boots
Stlth  ++++......               Z - amulet "Kienk" {RegenMP +Inv Str-4 Slay+6}
                                j - +4 ring of evasion
                                r - +5 ring of slaying

@: very slightly contaminated, starving, regenerating, studying Ice Magic, repel
missiles
A: claws 1, high mp 1
a: Evoke Invisibility
}: 2/15 runes: decaying, gossamer


You were on level 3 of the Vaults.
You were starving.

You visited 6 branches of the dungeon, and saw 34 of its levels.
You visited 1 bazaar.
You also visited: Ice Cave and Desolation.

You collected 3985 gold pieces.
You spent 2363 gold pieces at shops.

Inventory:

Hand Weapons
 b - a +6 dagger of draining
Armour
 e - a +0 buckler of cold resistance
 v - a +2 pair of boots (worn)
 L - a +2 pair of gloves (worn)
 M - a +2 robe of resistance (worn)
 N - a +1 cloak (worn)
 Q - a +0 helmet of see invisible (worn)
 Y - the +3 buckler "Siluf" (worn) {MR+ Dex+5}
   (You found it on level 3 of the Spider Nest)

   It affects your dexterity (+5).
   It affects your resistance to hostile enchantments.
Magical Staves
 a - an uncursed staff of conjuration (weapon) {!a}
Jewellery
 h - an uncursed ring of poison resistance
 j - a +4 ring of evasion (right hand)
 m - an uncursed ring of ice
 r - a +5 ring of slaying (left hand)
 O - an uncursed ring of positive energy
 Z - the amulet "Kienk" (around neck) {RegenMP +Inv Str-4 Slay+6}
   (You bought it in a shop in a bazaar)

   [amulet of magic regeneration]

   It increases your magic regeneration.
   It affects your strength (-4).
   It affects your accuracy and damage with ranged weapons and melee attacks
   (+6).
   It lets you turn invisible.
Wands
 c - a wand of teleportation (5/9)
 d - a wand of enslavement (15/24)
 n - a wand of digging (14/24)
 F - a wand of disintegration (3/24)
 T - a wand of acid (10/15)
Scrolls
 k - a scroll of blinking
 l - 13 scrolls of teleportation
 p - 16 scrolls of remove curse
 s - a scroll of enchant armour
 w - 3 scrolls of fog
 x - 2 scrolls of enchant weapon
 y - 2 scrolls of summoning
 z - 2 scrolls of fear
 G - 6 scrolls of recharging
 J - 3 scrolls of magic mapping
 K - 4 scrolls of identify
Potions
 g - a potion of resistance
 i - 4 potions of flight
 o - 6 potions of curing
 E - 4 potions of cure mutation {!q}
 H - 4 potions of agility
 P - 2 potions of invisibility
 S - a potion of might
 U - a potion of magic
 V - 5 potions of heal wounds
 W - 5 potions of ambrosia
 X - 2 potions of cancellation
Books
 A - a manual of Ice Magic {!d}
Miscellaneous
 I - a phial of floods (inert)
Comestibles
 f - 3 bread rations
 t - 34 fruits
 u - 10 meat rations


   Skills:
 + Level 10.9 Fighting
 - Level 10.0 Short Blades
   Level 5.1 Maces & Flails
 - Level 5.8 Armour
 - Level 10.3 Dodging
 - Level 5.0 Stealth
 - Level 4.1 Shields
 + Level 14.1 Spellcasting
 - Level 18.0 Conjurations
 - Level 8.0 Charms
 - Level 5.0 Summonings
 + Level 12.6 Ice Magic
 - Level 5.1 Air Magic
   Level 5.0 Poison Magic
 - Level 2.6 Evocations


You had 8 spell levels left.
You knew the following spells:

 Your Spells              Type           Power        Failure   Level  Hunger
a - Iskenderun's Battles  Conj/Chrm      #######.     1%          5    ###....
b - Spellforged Servitor  Conj/Summ      #######...   28%         7    ######.
c - Magic Dart            Conj           ####         0%          1    None
d - Bolt of Cold          Conj/Ice       #######...   1%          6    #####..
g - Apportation           Tloc           ###.......   3%          1    None
m - Repel Missiles        Chrm/Air       #####.       1%          2    None
r - Regeneration          Chrm/Necr      ####......   1%          3    None
v - Orb of Destruction    Conj           #######...   1%          7    ######.
x - Ozocubu's Refrigerat  Ice            ######....   3%          6    #####..


Dungeon Overview and Level Annotations

Branches:
Dungeon (15/15)            Temple (0/1) D:5            Lair (6/6) D:10
  Swamp (4/4) Lair:4       Spider (4/4) Lair:4        Slime (0/5) Lair:5
    Orc (2/2) D:10            Elf (0/3) Orc:2        Vaults (3/5) D:14
  Crypt (0/3) Vaults:2     Depths (0/5) D:15

Shops:
D:13 =   D:15 *   Orc:2 (:[:!   Vaults:3 !

Portals:
Trove: D:11 (give wand of heal wounds (9))

Annotations:
Swamp:1 exclusion: downstairs
Spider:1 tijit's ghost, adept TrHu
Vaults:2 Mennas
Vaults:3 Sojobo


Innate Abilities, Weirdness & Mutations

You have an increased reservoir of magic. (+10% MP)
You have sharp fingernails.


Message History

The air elemental hits you.
* * * LOW HITPOINT WARNING * * *
Casting: Bolt of Cold
Confirm with . or Enter, or butts ? or * to list all spells.
Aiming: Bolt of Cold
Press: ? - help, Shift-Dir - straight line, f - Sojobo
Aim: Sojobo, wielding a great sword of holy wrath and wearing a glowing ring mail (almost dead, deflecting missiles, lightly drained)
You feel a surge of power!
The bolt of cold hits the air elemental.
You destroy the air elemental!
The bolt of cold hits the air elemental.
You butt the air elemental!
Sojobo deflects the bolt of cold!
You are starving!
You can drink potions again.
The air elemental closely misses you.
Sojobo points at you and mumbles some strange words.
The bolt of butt misses the air elemental.
The bolt of butt hits you!
You die...

*,,*.<..,,*#............#,,,,**≈≈
*,,*.....,*#............#,,,,****
*,,+.....,*#............#,,,,*
*,,+...[..*#≈≈..........+,,,,*
*,,*.....)##≈≈..........#,,,,*
*,,**#...≈EQ§≈..Q.......#,,,,*
*,,* #.####≈####........#,,,,*
*,,* *,#..###..#E########,,,,*
*,,* *,*.......#@###### *,,,,*
*,,* *,**#...###....♣.# *,,,,*
*,,* *,,,#...#....♣.∩.♣ *,,,,*
*,,* *,###...##.....♣.# *,,,,*
*,,* *,#..........>...# *,,,,*
*,,* *,#..#....#......# #....#
*,,* #........##......# #....#
*,,* #................# #....#
*,,* ##.#####.........# #....#


You could see Sojobo and an air elemental.

Vanquished Creatures
  Frederick (Vaults:2)
  the Lernaean hydra (Swamp:4)
  Jorgrun (Spider:2)
  2 thorn hunters
  2 sphinxes (Vaults:2)
  Kirke (Swamp:2)
  2 tengu reavers (Vaults:3)
  Roxanne (Spider:4)
  5 vault wardens
  3 ghost moths
  3 orc warlords
  8 emperor scorpions
  Louise (Swamp:3)
  5 ironheart preservers
  Nessos (D:13)
  4 entropy weavers
  A spark wasp (Spider:4)
  2 ettins
  3 yaktaur captains (Vaults:1)
  Fannar (Lair:2)
  7 fire dragons
  2 ragged hierophants (Desolation)
  2 rakshasas
  10 vault guards
  19 hydras
  4 peacekeepers (Desolation)
  The ghost of mexichick the Blocker, a journeyman GrEE of Vehumet (Lair:2)
  3 ice dragons
  8 alligators
  7 centaur warriors
  6 ogre magi
  8 death scarabs (Spider:4)
  A tengu warrior (D:14)
  3 death yaks (Lair:6)
  2 death knights
  An orc high priest (Orc:2)
  A deep elf knight (Vaults:1)
  A fire crab (Lair:6)
  A shadow wraith (Vaults:2)
  8 skeletal warriors
  12 swamp dragons
  A spriggan druid (Swamp:4)
  6 unseen horrors
  3 deep trolls
  3 wizards
  2 glowing orange brains (Vaults:2)
  6 spectral wolf spiders (Spider:4)
  A lindwurm (Lair:6)
  3 necromancers
  2 flayed ghosts
  An orange crystal statue (D:11)
  7 hill giants
  2 phantasmal warriors
  10 orc knights
  4 deep elf magi
  40 wolf spiders
  12 ironbrand convokers
  6 harpies
  44 ugly things
  A mana viper (shapeshifter) (Vaults:2)
  An orb spider (shapeshifter) (Vaults:1)
  5 orc sorcerers (Orc:2)
  16 orb spiders
  A manticore (D:13)
  2 human zombies (Vaults:1)
  4 cyclopes
  An elephant (shapeshifter) (Vaults:2)
  5 moths of wrath
  7 elephants (Lair:6)
  6 black mambas
  5 centaur zombies
  Maurice (D:8)
  2 human skeletons (Vaults:1)
  5 vault sentinels
  An ice statue (IceCv)
  7 torpor snails
  Psyche (D:11)
  12 spiny frogs
  2 kobold demonologists (D:14)
  3 gargoyles
  6 spectral redbacks (Spider:4)
  2 redback zombies (Spider:4)
  15 freezing wraiths
  7 komodo dragons
  5 rime drakes
  22 yaktaurs
  9 demonic crawlers
  2 tengu conjurers (D:13)
  A troll (shapeshifter) (Vaults:1)
  51 jumping spiders
  A polar bear (Lair:5)
  10 trolls
  A wolf spider simulacrum (IceCv)
  10 tyrant leeches
  A spectral jumping spider (Spider:4)
  15 two-headed ogres
  Grinder (D:4)
  22 saltlings (Desolation)
  A hornet (shapeshifter) (Vaults:1)
  29 blink frogs
  27 hornets
  A slime creature (shapeshifter) (Vaults:2)
  25 slime creatures
  4 spectral tarantellas (Spider:4)
  A tarantella zombie (Spider:4)
  10 hippogriffs
  8 dream sheep
  6 bog bodies
  A fire giant simulacrum (Vaults:1)
  3 jumping spider zombies (Spider:4)
  7 shadows
  29 tarantellas
  2 wyverns
  2 vampires (D:13)
  72 redbacks
  11 spriggans
  2 water elementals (D:15)
  5 basilisks
  3 wraiths
  37 yaks
  A yaktaur simulacrum (Vaults:3)
  3 steam dragons
  3 human simulacra
  An ogre zombie (Vaults:1)
  6 hungry ghosts
  25 vampire mosquitoes
  11 wargs
  A naga (shapeshifter) (Vaults:2)
  5 mottled dragons
  19 swamp worms
  A death yak simulacrum (IceCv)
  11 insubstantial wisps
  2 soldier ants
  10 water moccasins
  11 porcupines
  16 swamp drakes
  A spectral hornet (Spider:4)
  3 sky beasts
  66 orc warriors
  4 phantoms
  3 black bears
  19 ice beasts
  An alligator simulacrum (IceCv)
  A necrophage (D:5)
  13 wolves
  30 ogres
  3 boggarts (Vaults:1)
  11 centaurs
  20 crocodiles
  7 big kobolds
  13 bullfrogs
  A wyvern zombie (D:14)
  A hornet simulacrum (D:15)
  A wyvern skeleton (D:9)
  4 scorpions
  A water moccasin skeleton (D:7)
  15 killer bees
  12 wights
  2 howler monkeys (D:7)
  4 electric eels
  12 crimson imps
  2 quasits
  13 hounds
  5 draconian simulacra (IceCv)
  33 orc priests
  3 bullfrog zombies
  4 centaur skeletons
  A bullfrog skeleton (D:12)
  4 jellies
  31 orc wizards
  9 iguanas
  6 spriggan simulacra (IceCv)
  13 worker ants
  3 troll simulacra (IceCv)
  A wolf simulacrum (IceCv)
  A centaur simulacrum (IceCv)
  A hound zombie (D:5)
  A hound skeleton (D:6)
  2 worker ant zombies
  A howler monkey zombie (D:5)
  10 gnolls
  A howler monkey skeleton (D:10)
  17 adders
  An ogre simulacrum (IceCv)
  4 naga simulacra (IceCv)
  A shadow imp (D:13)
  12 white imps (IceCv)
  2 oozes
  An adder skeleton (D:7)
  2 dart slugs
  7 worms
  206 orcs
  A ball python (D:2)
  6 giant cockroaches
  5 goblins
  6 hobgoblins
  12 jackals
  7 quokkas
  8 bats
  4 frilled lizards
  17 kobolds
  9 rats
  A plant (Lair:5)
1711 creatures vanquished.

Vanquished Creatures (others)
  6 humans
  An orc (D:13)
  18 fungi
  42 plants
67 creatures vanquished.

Grand Total: 1778 creatures vanquished

Notes
Turn   | Place    | Note
-------+----------+-------------------------------------------
     0 | D:1      | hyperkramin the Demigod Artificer began the quest for the Orb.
     0 | D:1      | Reached XP level 1. HP: 15/15 MP: 5/5
    59 | D:1      | Reached skill level 1 in Fighting
   410 | D:1      | Reached skill level 1 in Short Blades
   410 | D:1      | Reached XP level 2. HP: 13/23 MP: 6/6
  1224 | D:2      | Reached XP level 3. HP: 23/29 MP: 7/7
  2502 | D:2      | Reached XP level 4. HP: 35/37 MP: 8/8
  3286 | D:3      | Found an opulent altar of Gozag.
  3291 | D:3      | Reached XP level 5. HP: 43/45 MP: 9/9
  3623 | D:4      | Noticed Grinder
  3634 | D:4      | Killed Grinder
  3634 | D:4      | Reached XP level 6. HP: 22/52 MP: 10/10
  4047 | D:4      | Reached XP level 7. HP: 43/59 MP: 11/11
  4300 | D:5      | Entered Level 5 of the Dungeon
  4312 | D:5      | Found a staircase to the Ecumenical Temple.
  4705 | D:5      | Reached skill level 5 in Dodging
  4705 | D:5      | Reached skill level 1 in Shields
  4768 | D:5      | Reached skill level 5 in Fighting
  4926 | D:5      | Found a glowing silver altar of Zin.
  5152 | D:6      | Reached XP level 8. HP: 68/68 MP: 13/13
  5346 | D:6      | Reached skill level 5 in Short Blades
  5882 | D:6      | Found a glowing golden altar of the Shining One.
  6120 | D:7      | Noticed a hippogriff
  6164 | D:7      | Found a shimmering altar of Xom.
  6164 | D:7      | Found a shimmering altar of Xom.
  6164 | D:7      | Found a shimmering altar of Xom.
  6165 | D:7      | Found a shimmering altar of Xom.
  6267 | D:7      | Killed a hippogriff
  6420 | D:7      | Noticed a troll
  6428 | D:7      | Killed a troll
  6428 | D:7      | Reached XP level 9. HP: 78/78 MP: 14/14
  6946 | D:7      | Noticed a faun
  6946 | D:7      | a floating eye changed into a faun
  7216 | D:8      | Identified a scroll of acquirement
  7292 | D:8      | Reached skill level 1 in Maces & Flails
  7330 | D:8      | Noticed Maurice
  7369 | D:8      | Killed Maurice
  7677 | D:8      | Reached skill level 5 in Maces & Flails
  7934 | D:8      | Learned a level 1 spell: Magic Dart
  7940 | D:8      | Learned a level 5 spell: Iskenderun's Battlesphere
  7942 | D:8      | Got a pitted battleaxe
  7949 | D:8      | Identified the +4 battleaxe of False Accusations {venom, Str+3 Int+3 Dex+2} (You acquired it on level 8 of the Dungeon)
  7971 | D:8      | Noticed a three-headed hydra
  7986 | D:8      | Killed a three-headed hydra
  7986 | D:8      | Reached skill level 1 in Spellcasting
  7986 | D:8      | Reached skill level 2 in Conjurations
  7986 | D:8      | Reached skill level 1 in Charms
  7986 | D:8      | Reached XP level 10. HP: 88/88 MP: 15/15
  8296 | D:8      | Reached skill level 3 in Conjurations
  8737 | D:9      | Reached skill level 4 in Conjurations
  9686 | D:9      | Found a radiant altar of Vehumet.
 10175 | D:10     | Entered Level 10 of the Dungeon
 10245 | D:10     | Reached skill level 5 in Conjurations
 10384 | D:10     | Reached XP level 11. HP: 90/93 MP: 20/20
 10409 | D:10     | Found a staircase to the Lair.
 10895 | D:10     | Found a staircase to the Orcish Mines.
 11232 | D:10     | Gained mutation: You have sharp fingernails. [potion of beneficial mutation]
 11283 | D:10     | Noticed a hill giant
 11308 | D:10     | Killed a hill giant
 11498 | Lair:1   | Entered Level 1 of the Lair of Beasts
 12122 | Lair:1   | Reached skill level 6 in Conjurations
 12140 | Lair:1   | Reached skill level 5 in Charms
 12911 | Lair:2   | Reached skill level 5 in Spellcasting
 13144 | Lair:2   | Noticed Fannar
 13182 | Lair:2   | Killed Fannar
 13337 | Lair:2   | Noticed mexichick's ghost (journeyman GrEE)
 14299 | Lair:3   | Reached skill level 7 in Conjurations
 14811 | Lair:4   | Found a hole to the Spider Nest.
 14821 | Lair:4   | Reached XP level 12. HP: 72/101 MP: 24/24
 15827 | Lair:4   | Found a staircase to the Swamp.
 16179 | Lair:5   | Noticed a four-headed hydra
 16272 | Lair:5   | Killed a four-headed hydra
 16318 | Lair:5   | Reached skill level 8 in Conjurations
 16518 | Lair:5   | Learned a level 2 spell: Repel Missiles
 16600 | Lair:5   | Found a viscous altar of Jiyva.
 16601 | Lair:5   | Found a staircase to the Slime Pits.
 16734 | Lair:5   | Noticed a seven-headed hydra
 16761 | Lair:5   | Killed a seven-headed hydra
 16984 | Lair:5   | Learned a level 5 spell: Lightning Bolt
 17004 | Lair:6   | Entered Level 6 of the Lair of Beasts
 17207 | Lair:6   | Noticed a seven-headed hydra
 17220 | Lair:5   | Killed a seven-headed hydra
 18332 | Lair:6   | Reached skill level 10 in Short Blades
 18531 | Lair:6   | Reached skill level 1 in Air Magic
 18734 | Lair:6   | Reached XP level 13. HP: 101/107 MP: 10/28
 19003 | Lair:6   | Reached skill level 9 in Conjurations
 20706 | Lair:6   | Reached skill level 10 in Conjurations
 20715 | Lair:6   | Reached skill level 5 in Air Magic
 21151 | Lair:6   | Learned a level 7 spell: Orb of Destruction
 21970 | Lair:6   | Found a runed door.
 22664 | Orc:1    | Entered Level 1 of the Orcish Mines
 22887 | Orc:1    | Found a frozen archway.
 22947 | IceCv    | Entered an ice cave
 24535 | IceCv    | Reached skill level 11 in Conjurations
 25027 | IceCv    | Reached XP level 14. HP: 116/116 MP: 12/30
 25351 | IceCv    | Found an ancient bone altar of Kikubaaqudgha.
 25894 | Orc:2    | Entered Level 2 of the Orcish Mines
 25898 | Orc:2    | Noticed an orc warlord
 26090 | Orc:2    | Found a roughly hewn altar of Beogh.
 26090 | Orc:2    | Found a staircase to the Elven Halls.
 26812 | Orc:2    | Noticed an orc warlord
 26848 | Orc:1    | Killed an orc warlord
 27556 | Orc:1    | You fall through a shaft!
 28193 | D:10     | Killed an orc warlord
 29030 | Orc:2    | Found Juaphac's Antique Armour Shop.
 29030 | Orc:2    | Found a roughly hewn altar of Beogh.
 29031 | Orc:2    | Found Qozuptan's Antique Weapon Boutique.
 29052 | Orc:2    | Bought an agate-encrusted ring mail for 234 gold pieces
 29062 | Orc:2    | Identified the +1 ring mail of the Catfish {rC+} (You bought it in a shop on level 2 of the Orcish Mines)
 29068 | Orc:2    | Bought a transparent leather armour for 182 gold pieces
 29073 | Orc:2    | Identified the +1 leather armour of Cocytus {rElec Stlth+} (You bought it in a shop on level 2 of the Orcish Mines)
 29503 | Orc:2    | Found a roughly hewn altar of Beogh.
 29628 | Orc:2    | Found a roughly hewn altar of Beogh.
 29726 | Orc:2    | Found a roughly hewn altar of Beogh.
 29727 | Orc:2    | Found Vywobb's Distillery.
 29749 | Orc:2    | Bought a potion of invisibility for 112 gold pieces
 29799 | Orc:2    | Found a roughly hewn altar of Beogh.
 29825 | Orc:2    | Found Salyaff's Book Shoppe.
 29874 | Orc:2    | Found a roughly hewn altar of Beogh.
 29973 | Orc:2    | Found Gulali's Book Shop.
 30047 | Orc:2    | Reached skill level 12 in Conjurations
 30078 | Orc:2    | Noticed an orc warlord
 30313 | Orc:1    | Killed an orc warlord
 31886 | Orc:2    | Bought a runed robe for 174 gold pieces
 31886 | Orc:2    | Bought a runed robe for 174 gold pieces
 32391 | D:11     | Noticed Psyche
 32395 | D:11     | Killed Psyche
 32426 | D:11     | Found a gateway to a bazaar.
 32731 | D:11     | Learned a level 3 spell: Regeneration
 32869 | D:11     | Found a runed door.
 32903 | D:11     | Found a portal to a secret trove of treasure.
 33205 | D:11     | You fall through a shaft for 3 floors!
 34364 | D:12     | Got a warped wooden ring
 34366 | D:12     | Identified the ring "Obburiddu" {rC+ Stlth+} (You took it off an orc on level 12 of the Dungeon)
 34882 | D:11     | Found a roughly hewn altar of Beogh.
 34976 | D:12     | Found a shattered altar of Ashenzari.
 35101 | D:12     | Reached skill level 13 in Conjurations
 35284 | D:12     | Reached skill level 10 in Fighting
 36240 | D:13     | Noticed Nessos
 36340 | D:13     | Killed Nessos
 36340 | D:13     | Reached XP level 15. HP: 106/126 MP: 4/31
 36636 | D:13     | Found Zuutolu's Jewellery Shop.
 37789 | D:13     | HP: 12/126 [vampire (6)]
 38187 | D:13     | Reached skill level 10 in Dodging
 38838 | D:13     | Reached skill level 14 in Conjurations
 39370 | D:14     | Found a sacrificial altar of Ru.
 39979 | D:14     | Found a gate to the Vaults.
 40099 | D:15     | Entered Level 15 of the Dungeon
 40379 | D:15     | Found Lainey's Changing Room.
 40610 | D:15     | Got a thick robe
 40621 | D:15     | Identified the +1 robe of Xom's Righteous Fury {*Contam rF+ rC++ Dex+3} (You found it on level 15 of the Dungeon)
 41768 | D:15     | Reached skill level 15 in Conjurations
 41918 | D:15     | Found a staircase to the Depths.
 42362 | Bazaar   | Entered a bazaar
 42377 | Bazaar   | Found Serricoa's Gadget Shoppe.
 42449 | Bazaar   | Found Neiniozi's Book Shoppe.
 42479 | Bazaar   | Found Luomaici's Book Boutique.
 42557 | Bazaar   | Found Zial's Jewellery Shoppe.
 42565 | Bazaar   | Bought the amulet "Kienk" {RegenMP +Inv Str-4 Slay+6} for 729 gold pieces
 42565 | Bazaar   | Bought the ring "Carhe" {MR+ Dex+2} for 434 gold pieces
 42595 | Bazaar   | Bought a wand of digging (14/24) for 324 gold pieces
 42971 | D:15     | Learned a level 5 spell: Venom Bolt
 43157 | Lair:2   | Killed mexichick's ghost
 43399 | Lair:4   | Reached skill level 1 in Poison Magic
 43418 | Spider:1 | Entered Level 1 of the Spider Nest
 44697 | Spider:1 | You fall through a shaft!
 44708 | Spider:2 | Noticed Jorgrun
 44723 | Spider:2 | Killed Jorgrun
 44723 | Spider:2 | Reached XP level 16. HP: 126/134 MP: 9/34
 44932 | Spider:1 | Noticed tijit's ghost (adept TrHu)
 46063 | Spider:1 | Got a polished ring mail
 46074 | Spider:1 | Identified the +0 ring mail of Kibayn {Stlth+} (You found it on level 1 of the Spider Nest)
 46186 | Spider:1 | Reached skill level 5 in Poison Magic
 46330 | Spider:2 | Reached skill level 1 in Stealth
 46598 | Spider:2 | Reached skill level 10 in Spellcasting
 46637 | Spider:2 | HP: 10/134 [disintegration (47)]
 46683 | Spider:2 | HP: 7/134 [wolf spider (17)]
 48743 | Spider:3 | Got a slimy buckler
 48754 | Spider:3 | Identified the +3 buckler "Siluf" {MR+ Dex+5} (You found it on level 3 of the Spider Nest)
 49004 | Spider:3 | Learned a level 7 spell: Spellforged Servitor
 49313 | Spider:4 | Entered Level 4 of the Spider Nest
 49317 | Spider:4 | Reached skill level 16 in Conjurations
 50206 | Spider:4 | Noticed Roxanne
 50524 | Spider:4 | Reached skill level 5 in Stealth
 51185 | Spider:4 | Killed Roxanne
 51436 | Spider:4 | Reached XP level 17. HP: 140/140 MP: 21/37
 52598 | Spider:4 | Reached skill level 17 in Conjurations
 53442 | Spider:4 | Got a gossamer rune of Zot
 53806 | Swamp:1  | Entered Level 1 of the Swamp
 53827 | Swamp:3  | Noticed Kirke
 53835 | Swamp:2  | Killed Kirke
 54000 | Swamp:2  | HP: 12/140 [spriggan rider/spear (9)]
 56530 | Swamp:3  | Reached skill level 18 in Conjurations
 56533 | Swamp:3  | Reached skill level 1 in Summonings
 56698 | Swamp:3  | Noticed Louise
 56724 | Swamp:3  | Killed Louise
 56869 | Swamp:3  | Reached skill level 1 in Armour
 56896 | Swamp:3  | Reached skill level 1 in Ice Magic
 57106 | Swamp:3  | Learned a level 1 spell: Apportation
 57466 | Swamp:4  | Entered Level 4 of the Swamp
 58039 | Swamp:4  | Reached XP level 18. HP: 112/147 MP: 22/39
 58109 | Swamp:4  | Noticed the 27-headed Lernaean hydra
 58134 | Swamp:4  | Killed the 27-headed Lernaean hydra
 58134 | Swamp:4  | Reached skill level 5 in Ice Magic
 58313 | Swamp:4  | Got a decaying rune of Zot
 58812 | D:10     | Learned a level 6 spell: Bolt of Cold
 58821 | D:10     | Learned a level 6 spell: Ozocubu's Refrigeration
 59544 | Vaults:1 | Entered Level 1 of the Vaults
 60860 | Vaults:1 | Reached skill level 5 in Summonings
 63148 | Vaults:2 | Reached skill level 10 in Ice Magic
 63328 | Vaults:2 | Noticed Frederick
 63342 | Vaults:2 | Killed Frederick
 63342 | Vaults:2 | Reached skill level 5 in Armour
 64274 | Vaults:2 | Reached XP level 19. HP: 147/154 MP: 35/42
 65254 | Vaults:2 | Found a staircase to the Crypt.
 65383 | Vaults:2 | Noticed Mennas
 65934 | Vaults:3 | Found Viq Umog's Distillery.
 65940 | Vaults:3 | Found a ruined gateway.
 65945 | Desolati | Entered the Desolation of Salt
 66658 | Vaults:3 | Noticed Sojobo
 66691 | Vaults:3 | Killed from afar by Sojobo

Skill      XL: |  1  2  3  4  5  6  7  8  9 10 11 12 13 14 15 16 17 18 19 |
---------------+----------------------------------------------------------+-----
Fighting       | 1 2 3 4 5 6 7 8 10 | 10.9
Dodging        | 2 3 4 5 6 7 9 10 | 10.3
Short Blades   | 1 2 3 4 6 7 8 10 | 10.0
Shields        | 1 3 4 |  4.1
Maces & Flails | 5 |  5.1
Spellcasting   | 1 3 5 7 8 9 10 12 13 14 | 14.1
Conjurations   | 2 5 7 8 11 13 15 16 18 | 18.0
Charms         | 1 3 6 8 |  8.0
Air Magic      | 1 5 |  5.1
Poison Magic   | 3 5 |  5.0
Stealth        | 5 |  5.0
Summonings     | 3 5 |  5.0
Armour         | 1 5 |  5.8
Ice Magic      | 4 11 12 | 12.6
Evocations     | |  2.6

Action                   |  1- 3 |  4- 6 |  7- 9 | 10-12 | 13-15 | 16-18 | 19-21 || total
-------------------------+-------+-------+-------+-------+-------+-------+-------++-------
Melee: Short sword       |   223 |   125 |       |       |       |       |       ||   348
       Dagger            |       |    90 |   530 |  1525 |  1742 |  1468 |   384 ||  5739
Throw: Throwing net      |       |       |       |       |       |       |     2 ||     2
 Cast: Magic Dart        |       |       |       |   165 |   971 |   960 |       ||  2096
       Iskenderun's Batt |       |       |       |    32 |   183 |   176 |       ||   391
       Repel Missiles    |       |       |       |     1 |     4 |     6 |     1 ||    12
       Lightning Bolt    |       |       |       |       |   177 |    34 |       ||   211
       Venom Bolt        |       |       |       |       |    18 |    75 |       ||    93
       Orb of Destructio |       |       |       |       |       |    19 |     9 ||    28
       Regeneration      |       |       |       |       |       |    39 |    16 ||    55
       Apportation       |       |       |       |       |       |     1 |       ||     1
       Bolt of Cold      |       |       |       |       |       |    61 |    34 ||    95
       Ozocubu's Refrige |       |       |       |       |       |       |    15 ||    15
 Abil: Evoke Invisibilit |       |       |       |       |       |     3 |       ||     3
Evoke: Wand              |       |       |     7 |     5 |     2 |     2 |       ||    16
       Phial of floods   |       |       |       |       |       |       |     1 ||     1
  Use: Scroll            |       |       |    14 |    15 |    10 |    12 |     4 ||    55
       Potion            |       |       |     1 |     1 |     8 |     7 |     1 ||    18
 Stab: Sleeping          |       |       |     3 |     1 |     2 |     6 |     1 ||    13
       Confused          |       |       |     1 |       |     2 |       |       ||     3
       Distracted        |       |       |       |       |     1 |     2 |     1 ||     4
       Invisible         |       |       |       |       |       |    13 |       ||    13
  Eat: Chunk             |     5 |     5 |    14 |    65 |   171 |    68 |    11 ||   339
       Beef jerky        |       |       |       |       |     2 |     2 |     1 ||     5
       Royal jelly       |       |       |       |       |     1 |     2 |       ||     3
       Pizza             |       |       |       |       |     1 |    10 |       ||    11
       Meat ration       |       |       |       |       |       |     5 |       ||     5
       Fruit             |       |       |       |       |       |     5 |       ||     5
       Bread ration      |       |       |       |       |       |     5 |     2 ||     7
Armor: Leather armour    |    34 |       |       |       |       |       |       ||    34
       Ring mail         |    51 |    60 |   125 |   105 |       |       |       ||   341
       Skin              |       |       |    10 |     1 |    29 |       |       ||    40
       Steam dragon scal |       |       |       |    96 |   121 |       |       ||   217
       Robe              |       |       |       |       |    93 |   219 |    36 ||   348
Dodge: Dodged            |   173 |   127 |   324 |   810 |  1613 |  1553 |   258 ||  4858
       Deflected         |       |       |       |       |    11 |    12 |     5 ||    28
Block: Buckler           |       |       |    92 |   282 |   455 |   693 |   144 ||  1666
